 Dungeon Crawl Stone Soup version 0.23.2-33-g5129a83184 (webtiles) character file.

Game seed: 15847794395012561179

42 Felnil the Sneak (level 3, -1/27 HPs)
             Began as a Mummy Assassin on Aug 7, 2019.
             Slain by Sigmund
             ... wielding a +0 scythe
              (9 damage)
             ... on level 2 of the Dungeon.
             The game lasted 00:03:43 (880 turns).

Felnil the Sneak (Mummy Assassin)                    Turns: 880, Time: 00:03:44

Health: -1/27      AC:  3    Str: 14    XL:     3   Next: 33%
Magic:  3/3        EV: 13    Int: 10    God:
Gold:   66         SH:  0    Dex: 14    Spells: 2/2 levels left

rFire    x . .     SeeInvis .   a - +2 dagger
rCold    + . .     Gourm    .   (no shield)
rNeg     + + +     Faith    .   c - +0 robe
rPois    ∞         Spirit   .   (no helmet)
rElec    .         Reflect  .   d - +0 cloak
rCorr    .         Harm     .   (no gloves)
MR       .....                  (no boots)
Stlth    ++........             (no amulet)
HPRegen  0.09/turn              (no ring)
MPRegen  0.08/turn              (no ring)

@: no status effects
A: no food or potions, fire vulnerability, cold resistance 1, negative energy
resistance 3, torment resistance, unbreathing
a: no special abilities


You were on level 2 of the Dungeon.
You were not hungry.

You visited 1 branch of the dungeon, and saw 2 of its levels.

You collected 66 gold pieces.

Inventory:

Hand Weapons
 a - a +2 dagger (weapon)
 b - a +0 blowgun
Missiles
 e - 8 poisoned needles
 f - 2 curare-tipped needles
 k - a throwing net (quivered)
Armour
 c - a +0 robe (worn)
 d - a +0 cloak (worn)
Scrolls
 g - a scroll of magic mapping
 h - 2 scrolls of remove curse
 i - a scroll of amnesia {unknown}
 j - a scroll of enchant armour {unknown}
 l - a scroll of teleportation {unknown}


   Skills:
 - Level 2.0 Fighting
 - Level 1.5 Short Blades
 - Level 1.5 Throwing
 + Level 2.7 Dodging
 - Level 3.2 Stealth


You had 2 spell levels left.
You didn't know any spells.
Your spell library was empty.

Dungeon Overview and Level Annotations

Branches:
Dungeon (2/15)

Altars:

Annotations:
D:2 Sigmund


Innate Abilities, Weirdness & Mutations

You do not eat or drink.
Your flesh is vulnerable to fire.
You are immune to poison.
Your flesh is cold resistant. (rC+)
You are immune to negative energy. (rN+++)
You are immune to unholy pain and torment.
You can survive without breathing.


Message History

Something barely misses you. The orc hits you but does no damage.
You hit the orc.
You kill the orc!
Something hits you.
You are too injured to fight recklessly!
You are too injured to fight recklessly!
As you read the scroll labeled FUMNEC AFYB, it crumbles to dust.
You feel blessed for a moment.
It was a scroll of remove curse.
As you read the scroll labeled FUGI MEOXIXAOSH, it crumbles to dust.
You feel aware of your surroundings.
You sensed 1 altar.
It was a scroll of magic mapping.
Something hits you but does no damage.
You hear some strange, mumbled words.
Something tries to affect you, but you resist.
Something hits you but does no damage. Something hits you. Something hits you.
* * * LOW HITPOINT WARNING * * *
You hit something. You barely miss something. Something hits you!
You die...

,,,,***,⌠,***,,,,,,.....* #...
,,,,**,,,,,*#..***#.#...* #.#.
*,,,*,,,,,,,#..* ##.#.##* ##..
***,*,,,,,,,#..* #..#.# ##.
***,*,,,,,,,#..###....## ##.
,,*,*,,,,,,,#..........# #..
*,,,*,,,,,,,#..........# #.#
***,*,,,.,,,#..........# #.#
*,*,,,....#.[.@......########.#
***,,,,,.........{.....##.....>.#
,,,,,,,,........................#
****,,,,.##............##.......#
*,,,*...............##########
*,,,*.....%.........#
*,,,*..#............#
*,,,,..##....########
****,,,*##....* ********


There were no monsters in sight!

Vanquished Creatures
  2 dart slugs (D:1)
  4 leopard geckos
  An orc (D:2)
  2 bats (D:1)
  A giant cockroach (D:1)
  6 goblins
  4 hobgoblins (D:1)
  3 kobolds
  2 ball pythons (D:1)
  2 frilled lizards
  2 rats (D:1)
29 creatures vanquished.

Notes
Turn   | Place    | Note
-------+----------+-------------------------------------------
     0 | D:1      | Felnil the Mummy Assassin began the quest for the Orb.
     0 | D:1      | Reached XP level 1. HP: 16/16 MP: 1/1
    19 | D:1      | Reached skill level 1 in Dodging
   224 | D:1      | Reached XP level 2. HP: 22/22 MP: 2/2
   500 | D:1      | Reached XP level 3. HP: 27/27 MP: 3/3
   856 | D:2      | Noticed Sigmund
   880 | D:2      | Slain by Sigmund

Skill      XL: |  1  2 |
---------------+-------+-----
Dodging        | 1 2 |  2.7
Fighting       | |  2.0
Short Blades   | |  1.5
Throwing       | |  1.5
Stealth        | |  3.2

Action                   || total
-------------------------++-------
Melee: Dagger            ||    77
  Use: Scroll            ||     2
 Stab: Sleeping          ||     6
Armor: Robe              ||    11
Dodge: Dodged            ||    41
